AoeStats
← HighTowerM8

Arena

510866692Analyzed
2v2 RM · 21h ago on Oct 2, 2026· 42m 33s· 4 players
Game mode
Random Map
Map size
Medium (4 player)
Population
200
Speed
Normal
Resources
Standard
Victory
Conquest
Starting age
Dark Age
Ending age
Imperial Age
RankedLock teamsTeams togetherTeam positionsShared explorationLock speedFull tech treeHidden civsTurbo modeCheats
Victory
Defeat
🇨🇱 Turks · Chile
974
+13
🇬🇧 Bulgarians · United Kingdom
917
+15
🇪🇸 Spanish · Spain
898
-14
🇪🇸 Mongols · Spain
898
-14
HighTowerM8
0:27 Loom
10:51 Feudal Age
11:30 Double-Bit Axe
11:29 Horse Collar
19:59 Castle Age
19:29 Fletching
19:39 Padded Archer Armor
20:25 Forging
22:01 Heavy Plow
22:02 Gold Mining
22:06 Stone Mining
23:32 Stone Shaft Mining
26:29 Wheelbarrow
28:28 Hand Cart
32:56 Imperial Age
30:21 Gambesons
30:37 Squires
31:24 Iron Casting
30:49 Scale Mail Armor
30:56 Scale Mail Armor
32:03 Gold Shaft Mining
31:39 Scale Barding Armor
32:47 Arson
33:22 Chain Mail Armor
33:27 Chain Barding Armor
33:05 Bodkin Arrow
34:05 Conscription
36:15 Bow Saw
36:39 Crop Rotation
36:30 Stirrups
37:03 Elite Konnik
38:58 Blast Furnace
38:32 Caravan
39:10 Bagains
40:38 Chemistry
41:32 Plate Barding Armor
41:28 Plate Mail Armor
40:59 Bracer
41:09 Siege Engineers
41:24 Ballistics
41:16 Masonry
camus
9:33 Feudal Age
12:07 Double-Bit Axe
14:38 Castle Age
12:56 Horse Collar
30:17 Imperial Age
31:17 Wheelbarrow
30:30 Loom
30:32 Town Watch
33:54 Hand Cart
36:12 Fletching
36:22 Padded Archer Armor
37:13 Conscription
38:11 Elite Janissary
40:02 Bodkin Arrow
40:22 Leather Archer Armor
41:50 Leather Archer Armor
42:21 Town Patrol
43:04 Bracer
chechu es dios
2:11 Loom
11:26 Feudal Age
12:57 Horse Collar
13:04 Double-Bit Axe
15:05 Wheelbarrow
16:45 Gold Mining
19:04 Castle Age
19:27 Fletching
19:47 Stone Mining
20:42 Bodkin Arrow
32:19 Hand Cart
36:49 Hand Cart
39:51 Town Watch
YulkDelgado
0:31 Loom
11:35 Feudal Age
12:13 Double-Bit Axe
14:48 Wheelbarrow
21:34 Castle Age
19:50 Gold Mining
20:28 Fletching
20:45 Scale Barding Armor
20:59 Bloodlines
22:15 Forging
22:59 Bodkin Arrow
26:17 Chain Barding Armor
29:06 Bow Saw
32:35 Imperial Age
30:11 Stone Mining
30:20 Elite Skirmisher
31:56 Ballistics
31:32 Murder Holes
32:35 Iron Casting
34:22 Chemistry
34:22 Cavalier
36:06 Bracer
39:00 Thumb Ring
39:39 Conscription
42:26 Hand Cart
Connection lost

Rejoining the realm…

Still unreachable

The connection could not be restored.

Session expired

The server has moved on; the page needs a fresh start.